 Dungeon Crawl Stone Soup version 0.28-a0-863-g8cecda6153 (webtiles) character file.

Game seed: 2200589108440355412

60 mcbry74 the Caller (level 4, -6/30 HPs)
             Began as a Merfolk Summoner on Nov 18, 2021.
             Mangled by an ice beast (12 damage)
             ... on level 2 of the Dungeon.
             The game lasted 00:21:52 (3028 turns).

mcbry74 the Caller (Merfolk Summoner)               Turns: 3028, Time: 00:21:52

Health: -6/30      AC:  2    Str:  8    XL:     4   Next: 6%
Magic:  3/8        EV: 13    Int: 15    God:
Gold:   158        SH:  0    Dex: 14    Spells: 6/9 levels left

rFire   . . .      SeeInvis .   (no weapon)
rCold   . . .      Faith    .   (no shield)
rNeg    . . .      Spirit   .   a - +0 robe
rPois   .          Reflect  .   (no helmet)
rElec   .          Harm     .   (no cloak)
rCorr   .          Rampage  .   (no gloves)
Will    .....                   (no boots)
Stlth   ++........              (no amulet)
HPRegen 0.10/turn               (no ring)
MPRegen 0.11/turn               (no ring)

@: no status effects
A: (nimble swimmer 2), mertail
a: no special abilities


You were on level 2 of the Dungeon.
You visited 1 branch of the dungeon, and saw 3 of its levels.

You collected 158 gold pieces.

Inventory:

Armour
 a - a +0 robe (worn)
Jewellery
 c - a ring of willpower
Scrolls
 b - 2 scrolls of teleportation {unknown}
 d - a scroll of identify {unknown}
 f - a scroll of fear {unknown}
 h - a scroll of amnesia {unknown}
Potions
 e - a potion of magic {unknown}
 g - a potion of flight {unknown}


   Skills:
 - Level 3.0 Dodging
 - Level 2.1 Stealth
 + Level 3.0 Spellcasting
 + Level 4.7 Summonings


You had 6 spell levels left.
You knew the following spells:

 Your Spells              Type           Power      Damage    Failure   Level
a - Summon Small Mammal   Summ           64%        N/A       2%          1
b - Call Imp              Summ           16%        N/A       4%          2

Your spell library contained the following spells:

 Spells                   Type           Power      Damage    Failure   Level
 Call Canine Familiar     Summ           16%        N/A       9%          3
 Summon Guardian Golem    Hex/Summ       9%         N/A       22%         3
 Summon Lightning Spire   Summ/Air       9%         N/A       58%         4


Dungeon Overview and Level Annotations

Branches:
Dungeon (3/15)

Altars:


Innate Abilities, Weirdness & Mutations

((You are quick and stealthy near water. (Stealth+, EV+, Speed+++)))
Your lower body shifts to a powerful aquatic tail in water.


Message History

Your bat hits the ice beast but does no damage.
The ice beast misses your bat.
Casting: Summon Small Mammal (safe; 2% risk of failure)
Confirm with . or Enter, or press ? or * to list all spells.
A beastly little devil appears in a puff of flame.
Your bat hits the ice beast but does no damage.
The ice beast hits your bat but does no damage.
Your bat hits the ice beast but does no damage.
Your bat closely misses the ice beast.
The ice beast hits your bat. The ice beast freezes your bat!
Your bat dies!
Your bat's corpse disappears in a puff of smoke!
Your crimson imp barely misses the ice beast.
The ice beast closely misses your crimson imp.
Your crimson imp barely misses the ice beast.
The ice beast hits your crimson imp. The ice beast freezes your crimson imp!
Your crimson imp is frozen!
Your crimson imp dies!
Your crimson imp disappears in a puff of smoke!
Casting: Call Imp (safe; 4% risk of failure)
Confirm with . or Enter, or press ? or * to list all spells.
You don't have enough magic to cast this spell.
Casting: Call Imp (safe; 4% risk of failure)
Confirm with . or Enter, or press ? or * to list all spells.
You miscast Call Imp.
You are very lightly contaminated with residual magic.
Nothing appears to happen.
Casting: Call Imp (safe; 4% risk of failure)
Confirm with . or Enter, or press ? or * to list all spells.
A beastly little devil appears in a puff of flame.
You swap places.
The ice beast hits your crimson imp.
The ice beast freezes your crimson imp!!
Your crimson imp is frozen!
Your crimson imp dies!
Your crimson imp disappears in a puff of smoke!
Your magical contamination has completely faded away.
The ice beast hits you.
* * * LOW HITPOINT WARNING * * *
The ice beast freezes you!
You die...

.............)...................
..##############.....#.##...#####
........# #.###.#.##...#
..#####.# #.....#.###..##
#.....#.########.....#.# #...#
#.....#.......##.....#.###...#
).....#######.##.............# #
#.....# #.##.Y...######..# #
#.....# #...@....# #..# # #.....#
####.##### ##.#### #.....#### ###
#.# #...## #........###.###.#
##.... #####.##.##..[.### #..##
#........##..#.########### #..#
#.###.##.................# #.>#
#.# #...........#####.###########
#.######.####...# #.<.........#


You could see an ice beast.

Vanquished Creatures
  A dart slug (D:1)
  A ball python (D:2)
  A giant cockroach (D:3)
  2 bats
  A frilled lizard (D:1)
6 creatures vanquished.

Vanquished Creatures (collateral kills)
  An adder (D:2)
  3 dart slugs (D:1)
  4 bats
  6 endoplasms
  7 hobgoblins
  2 quokkas
  3 ball pythons
  4 frilled lizards
  A goblin (D:1)
  3 kobolds
  2 rats (D:1)
36 creatures vanquished.

Grand Total: 42 creatures vanquished

Notes
Turn   | Place    | Note
-------+----------+-------------------------------------------
     0 | D:1      | mcbry74 the Merfolk Summoner began the quest for the Orb.
     0 | D:1      | Reached XP level 1. HP: 13/13 MP: 3/3
    60 | D:1      | Reached XP level 2. HP: 16/19 MP: 3/5
   395 | D:1      | Learned a level 2 spell: Call Imp
   640 | D:1      | Reached XP level 3. HP: 23/24 MP: 3/6
  2686 | D:3      | Reached XP level 4. HP: 30/30 MP: 3/8
  2915 | D:3      | Noticed an ice beast
  3028 | D:2      | Mangled by an ice beast

Illustrated notes

Levels and vault maps discovered:
D:1:      scummos_arrival_gate, layout_basic
D:2:      layout_basic
D:3:      layout_loops_corners, serial_shops, shop

Skill      XL: |  1  2  3 |
---------------+----------+-----
Dodging        | 3 |  3.0
Spellcasting   | 3 |  3.0
Stealth        | |  2.1
Summonings     | |  4.7

Action                   |  1- 3 |  4- 6 || total
-------------------------+-------+-------++-------
Melee: Unarmed           |    66 |    11 ||    77
 Cast: Summon Small Mamm |    23 |     1 ||    24
       Call Imp          |    26 |     9 ||    35
 Stab: Sleeping          |     1 |       ||     1
Armor: Robe              |    18 |     2 ||    20
Dodge: Dodged            |   103 |    14 ||   117

Table legend: (Time is in decaauts)
 A = Elapsed time spent in this place.
 B = Non-inter-level travel time spent in this place.
 C = Inter-level travel time spent in this place.
 D = Time resting spent in this place.
 E = Time spent auto-exploring this place.
 F = Levels seen in this place.
 G = Mean time per level.
                   A        B        C        D        E       F      G
               +--------+--------+--------+--------+--------+-----+--------+
         Total |   3028 |   2882 |    146 |    650 |   1282 |   3 | 1009.3 |
       Dungeon |   3028 |   2882 |    146 |    650 |   1282 |   3 | 1009.3 |
               +--------+--------+--------+--------+--------+-----+--------+

Top non-repeatable levels by time:
     D:2: 1461 daAuts
     D:1: 1278 daAuts
     D:3: 289 daAuts
